 Dungeon Crawl Stone Soup version 0.31.0-9-g3a7656b989 (console) character file.

Game seed: 10844168265515565130

132 AlterAsc the Cudgeller (level 4, -1/35 HPs)
             Began as a Demonspawn Fighter on Jan 24, 2024.
             Slain by an orc
             ... wielding a +0 morningstar
              (3 damage)
             ... on level 3 of the Dungeon.
             The game lasted 00:04:21 (1571 turns).

AlterAsc the Cudgeller (Demonspawn Fighter)         Turns: 1571, Time: 00:04:22

Health: -1/35      AC:  7    Str: 18    XL:     4   Next: 92%
Magic:  4/4        EV:  9    Int:  9    God:
Gold:   174        SH:  8    Dex: 12    Spells: 3/3 levels left

rFire   . . .        a - +0 flail
rCold   . . .        c - +0 buckler
rNeg    . . .        b - +0 scale mail
rPois   .            (no helmet)
rElec   .            (no cloak)
rCorr   .            (no gloves)
SInv    +            (no boots)
Will    .....        f - amulet of regeneration Stlth
                     h - ring of see invisible
HPRegen 1.05/turn    (no ring)
MPRegen 0.09/turn

%: no passive effects
@: lethally poisoned (-1 -> -1)
A: sharp scales 1, condensation shield
a: no special abilities


You were on level 3 of the Dungeon.
You visited 1 branch of the dungeon, and saw 3 of its levels.

You collected 174 gold pieces.

Inventory:

Hand Weapons
 a - a +0 flail (weapon)
 n - a +0 whip of pain
 q - a +2 spectral club
Missiles
 k - 2 datura-tipped darts (quivered)
Armour
 b - a +0 scale mail (worn)
 c - a +0 buckler (worn)
Jewellery
 f - an amulet of regeneration (around neck)
 h - a ring of see invisible (left hand)
Wands
 p - a wand of roots (8)
Scrolls
 j - 2 scrolls of enchant weapon {unknown}
 l - 3 scrolls of identify {unknown}
 m - a scroll of torment {unknown}
 r - a scroll of revelation {unknown}
 t - a scroll of teleportation {unknown}
 u - a scroll of amnesia {unknown}
Potions
 d - a potion of might
 e - 2 potions of brilliance {unknown}
 g - 2 potions of enlightenment {unknown}
 i - 4 potions of curing {unknown}
 o - a potion of ambrosia {unknown}
 s - a potion of lignification {unknown}


   Skills:
 - Level 3.0 Fighting
 + Level 4.7 Maces & Flails
 - Level 2.6 Armour
 - Level 2.6 Shields


You had 3 spell levels left.
You didn't know any spells.
Your spell library contained the following spells:

 Spells                   Type           Power      Damage    Failure   Level
 Freeze                   Ice            0%         1d3       86%         1
 Frozen Ramparts          Ice            0%         1d1       99%         3
 Hailstorm                Conj/Ice       0%         3d5       99%         3


Dungeon Overview and Level Annotations

Branches:
Dungeon (3/15)

Altars:

Shops:
D:2 :


Innate Abilities, Weirdness & Mutations

You are partially covered in razor-sharp scales. (AC +1, Slay +1)
A meltable shield of frost defends you. (SH +4)


Message History

An orc comes into view. It is wielding a +0 dagger.
The orc shouts!
You hear a shout! x2
An orc is nearby!
An orc priest comes into view. It is wielding a +0 dagger of venom.
The orc priest shouts!
An orc comes into view. It is wielding a +0 flail.
A quokka comes into view.
Found 2 scrolls labelled ITEPSA FEXKA.
The quokka moves out of view.
You barely miss the orc. You block the orc's attack.
You completely miss the orc. You block the quokka's attack.
The orc hits you but does no damage.
You barely miss the orc priest. The quokka barely misses you.
An orc comes into view. It is wielding a +0 morningstar.
The orc priest hits you with a +0 dagger of venom.
You are poisoned.
The orc closely misses you. The quokka bites you.
You block the orc priest's attack. The orc hits you but does no damage.
The orc moves out of view.
You closely miss the orc priest.
You feel sick. The quokka barely misses you. You block the orc priest's attack.
The orc hits you but does no damage.
You hit the orc priest.
The orc priest is moderately wounded.
You feel sick. You block the quokka's attack.
The orc priest hits you with a +0 dagger of venom.
You are more poisoned.
The orc hits you but does no damage. The quokka closely misses you.
You feel very sick. The quokka attacks as it pursues you! The quokka bites you.
The orc hits you with a +0 flail.
You closely miss the quokka.
You feel very sick. You block the quokka's attack. x2
You feel sick. The quokka attacks as it pursues you!
The quokka barely misses you.
You feel sick.
You feel sick. The orc attacks as it pursues you!
The orc hits you with a +0 flail.
You feel sick. The orc attacks as it pursues you! The orc closely misses you.
You feel sick. The orc attacks as it pursues you!
The orc hits you with a +0 flail.
You feel sick.
The orc priest calls down the wrath of Beogh upon you.
Beogh smites you!
* * * LOW HITPOINT WARNING * * *
The orc hits you with a +0 morningstar.
You die...

.... ....#.#.# # ....
...#.#... ..#.
...............#.# ..#
#....#.##.#..#.#.# #.#.#
#....#.##.#.>....# ..#.##
#....#...........#
###....#.##....#.##.#.#..#
#.##.#.#............#..#
##.##...#.....#.##o#.#†.#.#
##...............o.........#
....##.........#@o.r.....###
...............######.#.##
###.##..###....# #.#.#
...............## #.#.#
.##.##..###....<# #.#.#
.######.# #....## #....
.#### #.###....# #.### .##.#
#........# #.# .##.#
####.....# ....######...#.#
...............# #


You could see an orc priest, 2 orcs and a quokka.

Vanquished Creatures
  An iguana (D:2)
  Ijyb (D:2)
  2 adders (D:2)
  2 dart slugs
  A ribbon worm (D:3)
  An orc (D:3)
  4 endoplasms
  8 giant cockroaches
  5 goblins
  3 hobgoblins
  3 jackals (D:1)
  3 quokkas
  2 ball pythons
  5 bats
  2 frilled lizards (D:1)
  5 kobolds
  5 rats
53 creatures vanquished.

Notes
Turn   | Place    | Note
-------+----------+-------------------------------------------
     0 | D:1      | AlterAsc the Demonspawn Fighter began the quest for the
                  | Orb.
     0 | D:1      | Reached XP level 1. HP: 18/18 MP: 1/1
    57 | D:1      | Reached skill level 2 in Maces & Flails
    78 | D:1      | Gained mutation: A meltable shield of frost defends you.
                  | (SH +4) [demonic ancestry]
    78 | D:1      | Reached XP level 2. HP: 20/24 MP: 2/2
   287 | D:1      | Reached skill level 3 in Maces & Flails
   552 | D:1      | Reached XP level 3. HP: 28/29 MP: 3/3
   558 | D:1      | Found a faded altar of an unknown god.
   774 | D:2      | Gained mutation: You are partially covered in razor-sharp
                  | scales. (AC +1, Slay +1) [demonic ancestry]
   774 | D:2      | Reached XP level 4. HP: 35/35 MP: 4/4
   816 | D:2      | Reached skill level 4 in Maces & Flails
   862 | D:2      | Found Zirphatze's Book Emporium.
  1259 | D:3      | Noticed Ijyb
  1270 | D:2      | Killed Ijyb
  1571 | D:3      | Slain by an orc

Illustrated notes

Levels and vault maps discovered:
D:1:      saegor_arrival_simple_b, layout_basic,
          hellmonk_ecumenical_altar_slurped_away, minmay_nonomino_d4
D:2:      layout_loops_ring, serial_shops,
          nicolae_shop_temple_entry_statues_fountains
D:3:      layout_basic, minmay_stone_trees_small, uniq_ijyb

Skill      XL: |  1  2  3  4 |
---------------+-------------+-----
Maces & Flails | 2 3 4 |  4.7
Fighting       | |  3.0
Armour         | |  2.6
Shields        | |  2.6

Action                     |  1- 3 |  4- 6 || total
---------------------------+-------+-------++-------
  Melee: Flail             |    96 |    71 ||   167
 Armour: Scale mail        |    62 |    52 ||   114
  Dodge: Dodged            |    41 |    34 ||    75
  Block: Buckler           |    50 |    44 ||    94
